[Event "Titled Tuesday Blitz February 14 Early 2023"]
[White "Zaragatski, Ilja"]
[Black "Kubatko, Ivan"]
[WhiteFideId "4655192"]
[BlackFideId "24111473"]
[WhiteElo "2472"]
[BlackElo "2257"]
[Result "1-0"]
[Round "11"]
[TimeControl "180+2"]
[Date "2023.02.14"]
[WhiteClock "0:00:09"]
[BlackClock "0:00:01"]

1. Nf3 d5 2. c4 e6 3. g3 c5 4. cxd5 exd5 5. d4 Nc6 6. Bg2 Nf6 7. O-O Be7 8. Nc3 O-O 9. b3 Ne4 10. Bb2 Bf6 11. Nxe4 dxe4 12. Nd2 Bxd4 13. Bxd4 Nxd4 14. Nxe4 Qe7 15. e3 Ne6 16. Qd6 Qxd6 17. Nxd6 Rb8 18. Rfd1 b6 19. f4 Bd7 20. Rd2 Nc7 21. Rad1 Bg4 22. Re1 Rfd8 23. h3 Be6 24. Red1 Ne8 25. Nb5 Rxd2 26. Rxd2 a6 27. Nc3 Kf8 28. e4 g6 29. g4 f6 30. Kf2 b5 31. e5 fxe5 32. fxe5 Ke7 33. Ne4 Rc8 34. Nd6 Rd8 35. Ne4 Rxd2+ 36. Nxd2 c4 37. bxc4 bxc4 38. Nb1 Nc7 39. Ke3 Nb5 40. a4 Nc7 41. Kd4 Bd7 42. Nc3 Ne6+ 43. Ke3 Nc5 44. Kd4 Nxa4 45. Nd5+ Kd8 46. Kxc4 Bb5+ 47. Kb3 Nc5+ 48. Kc3 Nd7 49. Kd4 Ke8 50. e6 Nf8 51. Ke5 Bc4 52. Nf6+ 1-0


[Site "https://www.chess.com"]

[Event "Titled Tuesday Blitz February 14 Early 2023"]
[White "Cella, Glaucio Dalla Cortt"]
[Black "Mushini Ajay"]
[WhiteFideId "2119455"]
[BlackFideId "35066188"]
[WhiteElo "1894"]
[BlackElo "2310"]
[Result "1/2-1/2"]
[Round "11"]
[TimeControl "180+2"]
[Date "2023.02.14"]
[WhiteClock "0:00:07"]
[BlackClock "0:00:22"]

1. e4 c5 2. Nf3 d6 3. c3 Nf6 4. Be2 Nc6 5. d4 cxd4 6. cxd4 d5 7. e5 Ne4 8. Nc3 Nxc3 9. bxc3 Bf5 10. Qb3 Rb8 11. Nh4 Be4 12. e6 fxe6 13. f3 Bf5 14. Nxf5 exf5 15. Bf4 e6 16. Bxb8 Qxb8 17. Rb1 Nd8 18. Bb5+ Kf7 19. O-O Bd6 20. h3 Qc7 21. c4 a6 22. cxd5 axb5 23. dxe6+ Ke7 24. d5 b4 25. Rbc1 Qb6+ 26. Kh1 Qd4 27. Qa4 Qf4 28. Qd7+ Kf6 29. Kg1 Qh2+ 30. Kf2 Qg3+ 31. Kg1 Qh2+ 32. Kf2 Bg3+ 33. Ke3 Bf4+ 34. Kf2 Qg3+ 35. Kg1 Be3+ 36. Kh1 Bf4 37. Kg1 Qh2+ 38. Kf2 Bxc1 39. Rxc1 Qf4 40. Re1 Qd4+ 41. Kf1 Qd3+ 42. Kg1 Qd2 43. Kf1 Qd3+ 44. Kg1 Qd4+ 45. Kf1 Qd3+ 1/2-1/2


[Site "https://www.chess.com"]

[Event "Titled Tuesday Blitz February 14 Early 2023"]
[White "Kulkarni, Vikramaditya"]
[Black "Toncheva, Nadya"]
[WhiteFideId "5009847"]
[BlackFideId "2924056"]
[WhiteElo "2251"]
[BlackElo "2295"]
[Result "0-1"]
[Round "11"]
[TimeControl "180+2"]
[Date "2023.02.14"]
[WhiteClock "0:00:01"]
[BlackClock "0:00:04"]

1. d4 d5 2. c4 dxc4 3. e3 Nf6 4. Bxc4 e6 5. Nf3 a6 6. O-O c5 7. Qe2 Nc6 8. Rd1 b5 9. d5 exd5 10. Bxd5 Nxd5 11. e4 Qe7 12. Rxd5 Be6 13. Rd1 Qc7 14. Nc3 Be7 15. Nd5 Qb7 16. Be3 O-O 17. Rac1 c4 18. b3 Ba3 19. Rb1 cxb3 20. Rxb3 Be7 21. a4 b4 22. Rc1 Rac8 23. Qb2 Bxd5 24. exd5 Na5 25. Rd3 Bf6 26. Bd4 Qxd5 27. Rcd1 Bxd4 28. Rxd4 Qc6 29. Rxb4 Nc4 30. Qd4 a5 31. Rb5 h6 32. Rc1 Qe6 33. h3 Nd6 34. Rbb1 Rxc1+ 35. Rxc1 Nf5 36. Qc5 Ra8 37. Re1 Qf6 38. Re5 Nh4 39. Nd2 Ng6 40. Rd5 Qa1+ 41. Kh2 Qxa4 42. Nc4 Qe8 43. Nd6 Qe6 44. Nf5 a4 45. Qd4 Qf6 46. Nxh6+ Kh7 47. Qxf6 gxf6 48. Nxf7 a3 49. Rd1 a2 50. Ra1 Nf4 51. Nd6 Ne2 52. Nb5 Nc1 53. Nc3 Nb3 54. Rxa2 Rc8 55. Ne4 Kg6 56. Rb2 Nd4 57. f3 Nf5 58. g4 Ne3 59. Kg3 Nf1+ 60. Kf4 Rc1 61. Rf2 Rd1 62. h4 Ra1 63. h5+ Kf7 0-1


[Site "https://www.chess.com"]

[Event "Titled Tuesday Blitz February 14 Early 2023"]
[White "Gurevich, Dmitry"]
[Black "Prieto Aranguren, Alain"]
[WhiteFideId "2000407"]
[BlackFideId "2268906"]
[WhiteElo "2393"]
[BlackElo "2258"]
[Result "1-0"]
[Round "11"]
[TimeControl "180+2"]
[Date "2023.02.14"]
[WhiteClock "0:01:35"]
[BlackClock "0:00:33"]

1. d4 g6 2. c4 Bg7 3. e4 d6 4. Nc3 Nc6 5. Nge2 e5 6. d5 Nd4 7. Be3 Nxe2 8. Bxe2 Ne7 9. O-O O-O 10. Qd2 f5 11. f3 f4 12. Bf2 g5 13. c5 Ng6 14. cxd6 cxd6 15. Rac1 h5 16. Nb5 g4 17. Nc7 g3 18. Nxa8 gxf2+ 19. Rxf2 Rf7 20. Qc2 Bh3 21. gxh3 Qxa8 22. Qc8+ Qxc8 23. Rxc8+ Kh7 24. Bb5 Nh4 25. Be8 Rf8 26. Bd7 Rf7 27. Be6 Rf6 28. Kh1 Kh6 29. Rc3 Rf8 30. Rf1 Bf6 31. Rg1 Bd8 32. Rf1 Bb6 33. Rc8 Rf6 34. Rg8 Kh7 35. Rc1 Nxf3 36. Rcc8 Rxe6 37. dxe6 Nd4 38. e7 f3 39. e8=Q f2 40. Qg6# 1-0


[Site "https://www.chess.com"]

[Event "Titled Tuesday Blitz February 14 Early 2023"]
[White "Sai Han Thiha"]
[Black "Pourkashiyan, Atousa"]
[WhiteFideId "13012290"]
[BlackFideId "12502014"]
[WhiteElo "2070"]
[BlackElo "2282"]
[Result "0-1"]
[Round "11"]
[TimeControl "180+2"]
[Date "2023.02.14"]
[WhiteClock "0:00:06"]
[BlackClock "0:01:28"]

1. e4 c5 2. Nf3 e6 3. g3 a6 4. Bg2 Nc6 5. O-O g6 6. c3 Bg7 7. d4 cxd4 8. cxd4 Nge7 9. Nc3 O-O 10. Re1 d5 11. e5 b5 12. Bf4 Nf5 13. Qd2 Na5 14. Rad1 Nc4 15. Qe2 Bd7 16. h4 Rc8 17. h5 b4 18. Nb1 Bb5 19. Bg5 Qa5 20. Rd3 Qxa2 21. g4 Nh6 22. Nfd2 Nxb2 23. Qe3 Nxg4 24. Qg3 Nxd3 25. Qxg4 Nxe1 26. h6 Bh8 27. Qh4 Nxg2 28. Kxg2 Qc2 29. Bf6 Qf5 30. Bxh8 Kxh8 31. Nf3 Bf1+ 32. Kg3 Qh3+ 33. Qxh3 Bxh3 34. Kxh3 a5 35. Ng5 a4 36. Nd2 a3 37. Ndf3 Rc3 38. Kg4 Rxf3 39. Kxf3 a2 40. Kg3 a1=Q 41. f4 Qxd4 42. Kg4 Qg1+ 43. Kf3 Qxg5 44. fxg5 Rc8 45. Ke2 b3 46. Kd2 b2 47. Kd3 b1=Q+ 48. Ke2 Rc2+ 49. Ke3 Qb3+ 50. Kf4 Rc4# 0-1


[Site "https://www.chess.com"]

[Event "Titled Tuesday Blitz February 14 Early 2023"]
[White "Koridze, Lile"]
[Black "Andrews, Todd"]
[WhiteFideId "13612514"]
[BlackFideId "2012456"]
[WhiteElo "2191"]
[BlackElo "2220"]
[Result "0-1"]
[Round "11"]
[TimeControl "180+2"]
[Date "2023.02.14"]
[WhiteClock "0:01:45"]
[BlackClock "0:01:14"]

1. d4 Nf6 2. c4 g6 3. Nc3 Bg7 4. e4 d6 5. Nf3 O-O 6. Be2 e5 7. d5 a5 8. Be3 Na6 9. Nd2 Nd7 10. O-O Nac5 11. a3 a4 12. Rb1 f5 13. f3 f4 14. Bf2 g5 15. Nb5 Rf7 16. b4 axb3 17. Nxb3 Nxb3 18. Qxb3 b6 19. Ra1 Bf8 20. a4 Rg7 21. Qc3 h5 22. h3 Nf6 23. a5 bxa5 24. Rxa5 Rxa5 25. Qxa5 g4 26. c5 gxh3 27. g4 fxg3 28. Be3 Ne8 29. cxd6 g2 30. Rc1 h2+ 31. Kxh2 Qh4+ 32. Kg1 Qh1+ 33. Kf2 g1=Q+ 0-1


[Site "https://www.chess.com"]

[Event "Titled Tuesday Blitz February 14 Early 2023"]
[White "Heinemann, Josefine"]
[Black "Martin, Lewis"]
[WhiteFideId "12900460"]
[BlackFideId "410551"]
[WhiteElo "2289"]
[BlackElo "2135"]
[Result "1-0"]
[Round "11"]
[TimeControl "180+2"]
[Date "2023.02.14"]
[WhiteClock "0:00:34"]
[BlackClock "0:00:08"]

1. e4 c5 2. Nf3 d6 3. Bb5+ Bd7 4. Bxd7+ Qxd7 5. c4 g6 6. Nc3 Bg7 7. d4 cxd4 8. Nxd4 Nc6 9. Be3 Nf6 10. f3 O-O 11. O-O Rac8 12. b3 a6 13. Rc1 e6 14. Qd2 Rfd8 15. Rfd1 Ne7 16. Nc2 b5 17. cxb5 axb5 18. Nb4 Qb7 19. Qd3 d5 20. exd5 Nfxd5 21. Ncxd5 Nxd5 22. Rxc8 Qxc8 23. Nxd5 Rxd5 24. Qe2 Qd7 25. Rxd5 Qxd5 26. Qd2 Qxd2 27. Bxd2 Kf8 28. Kf1 Ke8 29. Ke2 Kd7 30. Kd3 Kc6 31. Bc3 Bf8 32. a4 bxa4 33. bxa4 Bd6 34. h3 f5 35. Kc4 e5 36. g4 h5 37. gxh5 gxh5 38. a5 Bc7 39. Bb4 Bb8 40. Bc5 e4 41. fxe4 fxe4 42. a6 Bf4 43. a7 Kb7 44. Kd4 e3 45. Kd3 Bg5 46. Bxe3 Bxe3 47. Kxe3 Kxa7 48. Kf4 Kb7 49. Kg5 Kc6 50. Kxh5 Kd7 51. Kg6 1-0


[Site "https://www.chess.com"]

[Event "Titled Tuesday Blitz February 14 Early 2023"]
[White "Willathgamuwa, Kevin"]
[Black "Abdilkhair, Abilmansur"]
[WhiteFideId "3214168"]
[BlackFideId "13716417"]
[WhiteElo "2062"]
[BlackElo "2268"]
[Result "1-0"]
[Round "11"]
[TimeControl "180+2"]
[Date "2023.02.14"]
[WhiteClock "0:00:50"]
[BlackClock "0:01:08"]

1. e4 e6 2. Qe2 d5 3. exd5 Qxd5 4. Nc3 Qa5 5. d4 Nc6 6. Nf3 Nf6 7. Bd2 Bb4 8. g3 O-O 9. Bg2 Nd5 10. O-O Nxc3 11. bxc3 Bxc3 12. Bxc3 Qxc3 13. Rfd1 Rd8 14. Rab1 Na5 15. Ne5 f6 16. Rd3 Qxd3 17. Nxd3 Bd7 18. Nc5 Kf7 19. Nxd7 Rxd7 20. Qb5 Nc6 21. Qxb7 Rb8 22. Bxc6 Rxb7 23. Rxb7 Rxd4 24. Rxc7+ Kg6 25. Kf1 a5 26. Ke2 Kh6 27. Be8 e5 28. Rc5 Rd8 29. Bf7 Ra8 30. f4 exf4 31. Rh5# 1-0


[Site "https://www.chess.com"]

[Event "Titled Tuesday Blitz February 14 Early 2023"]
[White "Oro, Faustino"]
[Black "Mesa Cruz, Juan Carlos"]
[WhiteFideId "20000197"]
[BlackFideId "6423400"]
[WhiteElo "2269"]
[BlackElo "2122"]
[Result "1-0"]
[Round "11"]
[TimeControl "180+2"]
[Date "2023.02.14"]
[WhiteClock "0:00:17"]
[BlackClock "0:00:13"]

1. e4 c5 2. Nf3 d6 3. Bb5+ Bd7 4. Bxd7+ Qxd7 5. O-O e6 6. b3 Nc6 7. Bb2 Nf6 8. Re1 Be7 9. c4 e5 10. d3 O-O 11. Bc1 Bd8 12. Bg5 Nh5 13. Be3 g6 14. Nc3 Ba5 15. Bd2 Bxc3 16. Bxc3 Nf4 17. g3 Qg4 18. Nh4 Nh3+ 19. Kg2 Nf4+ 20. Kh1 Nh3 21. Rf1 h5 22. f3 Qd7 23. f4 Qg4 24. Qxg4 hxg4 25. f5 Kh7 26. Bd2 Nd4 27. Rad1 a5 28. Ng2 gxf5 29. exf5 f6 30. Ne3 Rg8 31. Nd5 Kg7 32. Kg2 Kf7 33. Be3 Nc2 34. Bd2 Nb4 35. Nc7 Rac8 36. Nb5 Rgd8 37. a3 Nxd3 38. Bxa5 e4 39. Bxd8 Rxd8 40. Nc3 Ng5 41. Nxe4 Nxe4 42. Rxd3 Rh8 43. Re1 Ng5 44. Rxd6 Rxh2+ 45. Kxh2 Nf3+ 46. Kg2 Nxe1+ 47. Kf2 Nc2 48. Rd7+ Ke8 49. Rxb7 Nxa3 50. Ke3 Nc2+ 51. Kf4 Nd4 52. Kxg4 Kd8 53. Rf7 Nc6 54. Rxf6 Ne5+ 55. Kf4 Nd3+ 56. Ke3 Nc1 57. Rd6+ Kc7 58. Rd1 Nxb3 59. f6 Nd4 60. Rxd4 cxd4+ 61. Kxd4 Kd6 62. c5+ Ke6 63. c6 Kxf6 64. c7 Kg5 65. c8=Q 1-0


[Site "https://www.chess.com"]

[Event "Titled Tuesday Blitz February 14 Early 2023"]
[White "Avazkhonov, Alikhon"]
[Black "Pein, Jonathan"]
[WhiteFideId "14208504"]
[BlackFideId "417092"]
[WhiteElo "1538"]
[BlackElo "2265"]
[Result "1-0"]
[Round "11"]
[TimeControl "180+2"]
[Date "2023.02.14"]
[WhiteClock "0:00:05"]
[BlackClock "0:00:04"]

1. d4 d6 2. e4 Nf6 3. Nc3 e5 4. Nf3 exd4 5. Nxd4 g6 6. Bc4 Bg7 7. O-O O-O 8. f3 a6 9. a4 Nc6 10. Be3 Re8 11. Qd2 Bd7 12. Rfe1 Rb8 13. a5 Ne5 14. Bf1 c5 15. Nb3 Be6 16. Qf2 Bc4 17. Red1 h5 18. Bxc5 Bxf1 19. Rxd6 Qc7 20. Rxf1 Nc4 21. Rd4 Nxb2 22. Na2 Rbc8 23. Nb4 Na4 24. Bd6 Qc3 25. e5 Nd7 26. Nd5 Qb2 27. Ne7+ Rxe7 28. Bxe7 Bxe5 29. Rxd7 Rxc2 30. Rd2 Rxd2 31. Qxd2 Qxb3 32. Re1 Bc3 33. Qd8+ Kh7 34. Bf6 Bxf6 35. Qxf6 Nc5 36. Re7 Qd1+ 37. Kf2 Qd2+ 38. Kg3 Kh6 39. Qh8+ Kg5 40. h4+ Kf5 41. Re5# 1-0


[Site "https://www.chess.com"]

[Event "Titled Tuesday Blitz February 14 Early 2023"]
[White "Sekar, B"]
[Black "Jarocka, Liwia"]
[WhiteFideId "5043743"]
[BlackFideId "21807558"]
[WhiteElo "2333"]
[BlackElo "2225"]
[Result "1-0"]
[Round "11"]
[TimeControl "180+2"]
[Date "2023.02.14"]
[WhiteClock "0:02:20"]
[BlackClock "0:02:27"]

1. Nf3 d6 2. d4 Nf6 3. Nc3 g6 4. e4 Bg7 5. h3 O-O 6. Be3 e5 7. dxe5 dxe5 8. Qxd8 Rxd8 9. Bc4 c6 10. a4 Nbd7 11. O-O-O h6 12. Nxe5 Re8 13. Bxf7+ 1-0


[Site "https://www.chess.com"]

[Event "Titled Tuesday Blitz February 14 Early 2023"]
[White "Kostiukov, Alexandr"]
[Black "Shuvalov, Evgenij"]
[WhiteFideId "14108100"]
[BlackFideId "4187237"]
[WhiteElo "2271"]
[BlackElo "2038"]
[Result "0-1"]
[Round "11"]
[TimeControl "180+2"]
[Date "2023.02.14"]
[WhiteClock "0:00:03"]
[BlackClock "0:00:28"]

1. g3 d5 2. Bg2 Nf6 3. d3 e6 4. e4 c5 5. Qe2 Be7 6. e5 Nfd7 7. Nf3 O-O 8. O-O b5 9. a4 bxa4 10. c4 Nb6 11. Nc3 Bd7 12. h4 h6 13. h5 Bc6 14. Bf4 Qd7 15. Rfd1 Qb7 16. Nb5 Bxb5 17. cxb5 Qd7 18. Nh2 Rc8 19. Ng4 Bf8 20. Bxh6 Qxb5 21. Bg5 N6d7 22. h6 g6 23. Bf3 Kh7 24. Kg2 Nc6 25. Be3 Ncxe5 26. Bg5 Nxg4 27. Bxg4 Re8 28. Rh1 Rab8 29. Qf3 f5 30. Bh5 Ne5 31. Qe2 Bd6 32. Rae1 gxh5 33. Qxh5 Rb7 34. f4 Ng6 0-1


[Site "https://www.chess.com"]

[Event "Titled Tuesday Blitz February 14 Early 2023"]
[White "Szente Varga, Fruzsina"]
[Black "Kavutskiy, Konstantin"]
[WhiteFideId "712264"]
[BlackFideId "2026384"]
[WhiteElo "2075"]
[BlackElo "2414"]
[Result "0-1"]
[Round "11"]
[TimeControl "180+2"]
[Date "2023.02.14"]
[WhiteClock "0:00:19"]
[BlackClock "0:00:34"]

1. e4 Nc6 2. d4 d6 3. Nc3 Nf6 4. f3 g6 5. Be3 Bg7 6. Qd2 e5 7. Nge2 O-O 8. O-O-O a6 9. h4 h5 10. Bg5 Qe8 11. Bh6 exd4 12. Bxg7 Kxg7 13. Nxd4 Nxd4 14. Qxd4 Qe5 15. Qd2 b5 16. Be2 b4 17. Nd5 Nxd5 18. Qxd5 Qxd5 19. exd5 a5 20. Bb5 Rb8 21. Ba4 Ba6 22. Rhe1 f6 23. Re7+ Rf7 24. Rde1 Rf8 25. Be8 Rxe7 26. Rxe7+ Kh6 27. Bc6 g5 28. hxg5+ fxg5 29. Rxc7 Bf1 30. Rd7 h4 31. Rxd6+ Kh5 32. Re6 Bxg2 33. Be8+ Rxe8 34. Rxe8 Bxf3 35. d6 Bc6 36. Rh8+ Kg4 37. Kd2 Kg3 38. Ke1 h3 39. Kf1 h2 40. Rh6 g4 41. Rh7 Bb5+ 42. Ke1 Kg2 43. c4 bxc3 44. bxc3 h1=Q+ 45. Rxh1 Kxh1 46. c4 Bc6 47. Kf2 Kh2 48. Ke3 g3 49. Kd4 g2 50. Kc5 Bd7 51. Kb6 g1=Q+ 52. c5 Qb1+ 53. Kc7 Qb5 0-1


[Site "https://www.chess.com"]

[Event "Titled Tuesday Blitz February 14 Early 2023"]
[White "Lehtosaari, Mauri"]
[Black "I_KID_you_not"]
[WhiteFideId "501999"]
[WhiteElo "2176"]
[BlackElo "2323"]
[Result "1-0"]
[Round "11"]
[TimeControl "180+2"]
[Date "2023.02.14"]
[WhiteClock "0:00:07"]
[BlackClock "0:00:04"]

1. d4 g6 2. Nf3 Bg7 3. Bg5 Nf6 4. c3 O-O 5. e3 d6 6. Nbd2 c5 7. Bc4 Nbd7 8. O-O b6 9. a4 a6 10. Qb3 Bb7 11. Bh4 Ra7 12. Ng5 d5 13. Be2 e5 14. dxe5 Nxe5 15. Ngf3 Ned7 16. Rfd1 h6 17. h3 Kh7 18. Qc2 Re8 19. Bd3 Qa8 20. c4 Nf8 21. a5 dxc4 22. Qxc4 Bd5 23. Qc2 b5 24. Qxc5 Ne6 25. Qb4 Rc8 26. Qa3 Nc5 27. Be2 Nfe4 28. b4 Ne6 29. Rac1 Nc3 30. Re1 Nxe2+ 31. Rxe2 Rac7 32. Rxc7 Rxc7 33. Re1 Rc2 34. Qd3 Qc6 35. Nd4 Nxd4 36. exd4 Bxg2 37. f3 1-0


[Site "https://www.chess.com"]

[Event "Titled Tuesday Blitz February 14 Early 2023"]
[White "Manon-og, Ramon Jr."]
[Black "Andreev, Konstantin"]
[WhiteFideId "5200776"]
[BlackFideId "24239305"]
[WhiteElo "1999"]
[BlackElo "2195"]
[Result "1-0"]
[Round "11"]
[TimeControl "180+2"]
[Date "2023.02.14"]
[WhiteClock "0:00:49"]
[BlackClock "0:00:03"]

1. e4 c5 2. Nf3 e6 3. d4 cxd4 4. Nxd4 Nc6 5. Nb5 d6 6. N1c3 a6 7. Na3 b5 8. Nab1 Nf6 9. Bd3 Be7 10. O-O O-O 11. Nd2 Bb7 12. Nf3 Qc7 13. h3 Rfd8 14. Bf4 Na5 15. Qe2 Nc4 16. Bxc4 bxc4 17. Rfe1 Nd7 18. Rad1 Rac8 19. Ng5 h6 20. Nf3 Ne5 21. Nxe5 dxe5 22. Be3 Bb4 23. Qg4 Kh7 24. Qh4 Qa5 25. Bg5 Rxd1 26. Rxd1 Bxc3 27. bxc3 Qxc3 28. Rd7 Qe1+ 29. Kh2 Qxe4 30. f3 Qxh4 31. Bxh4 Bd5 32. Rxf7 Kg6 33. Ra7 Rc6 34. Bg3 Kf6 35. Bh4+ g5 36. Bg3 Rb6 37. c3 e4 38. fxe4 Bxe4 39. Bf2 Rc6 40. Bd4+ e5 41. Bf2 Bd5 42. a4 Kf5 43. a5 Ke4 44. Re7 Rf6 45. Bg3 Rf5 46. Ra7 Kd3 47. Rxa6 Kxc3 48. Rd6 e4 49. a6 e3 50. a7 Be4 51. Re6 Bb7 52. Rxe3+ Kd4 53. Re7 Bc6 54. Rh7 c3 55. Rxh6 Be4 56. Re6 Rf8 57. Rxe4+ Kxe4 58. Bb8 c2 59. a8=Q+ Kd3 60. Qd5+ Ke2 61. Qe4+ Kd1 62. Qd3+ Kc1 63. Be5 Kb1 64. Qb3+ Kc1 65. Bb2+ Kd2 66. Qc3+ Kd1 67. Qd3+ Ke1 68. Qxc2 Rf2 69. Bc3+ Kf1 70. Qd1# 1-0


[Site "https://www.chess.com"]

[Event "Titled Tuesday Blitz February 14 Early 2023"]
[White "Ruiz Aguilar, Pablo Alexander"]
[Black "Aarav Dengla"]
[WhiteFideId "4401352"]
[BlackFideId "45059756"]
[WhiteElo "2161"]
[BlackElo "2343"]
[Result "0-1"]
[Round "11"]
[TimeControl "180+2"]
[Date "2023.02.14"]
[WhiteClock "0:00:03"]
[BlackClock "0:00:14"]

1. e4 c5 2. Nf3 d6 3. d4 cxd4 4. Nxd4 Nf6 5. Nc3 a6 6. Be2 e5 7. Nf3 Be7 8. Bg5 Be6 9. Bxf6 Bxf6 10. Qd3 Be7 11. Rd1 Qc7 12. O-O O-O 13. Nd5 Bxd5 14. Qxd5 Nd7 15. c3 Nf6 16. Qd3 Qc6 17. Nd2 b5 18. Bf3 Rfd8 19. c4 Nd7 20. Rc1 Nc5 21. Qb1 Qb7 22. b4 Ne6 23. Nb3 Ng5 24. Na5 Nxf3+ 25. gxf3 Qd7 26. Kg2 Bg5 27. Rc3 Bf4 28. Qd3 Qe6 29. Rh1 bxc4 30. Qxc4 d5 31. exd5 Rxd5 32. Qe4 Re8 33. Rc6 Qd7 34. Qc4 Rd4 35. Qc5 Qf5 36. h4 f6 37. Nb3 Qg6+ 38. Kh3 Rd3 39. Qc4+ Kh8 0-1


[Site "https://www.chess.com"]

[Event "Titled Tuesday Blitz February 14 Early 2023"]
[White "Sowul, Bartosz"]
[Black "Jimenez, Joaquin"]
[WhiteFideId "1137590"]
[BlackFideId "109860"]
[WhiteElo "2269"]
[BlackElo "2195"]
[Result "1/2-1/2"]
[Round "11"]
[TimeControl "180+2"]
[Date "2023.02.14"]
[WhiteClock "0:00:56"]
[BlackClock "0:00:35"]

1. e4 e6 2. d4 d5 3. Nc3 Bb4 4. e5 c5 5. a3 Bxc3+ 6. bxc3 Ne7 7. Qg4 Nf5 8. Bd3 h5 9. Qf4 Qh4 10. Bxf5 Qxf4 11. Bxf4 exf5 12. e6 Bxe6 13. Bxb8 Rxb8 14. h4 Rc8 15. Kd2 Ke7 16. Rb1 b6 17. Ne2 cxd4 18. cxd4 Rc4 19. c3 Rhc8 20. Rb4 Kd6 21. Rhb1 R8c7 22. R1b3 Bc8 23. Nf4 Rxb4 24. axb4 g6 25. Ra3 Bd7 26. Ra1 Bb5 27. Re1 Rc8 28. Ra1 a6 29. Nh3 Re8 30. Nf4 Re4 31. g3 Bc4 32. f3 Re8 33. Ra3 Ra8 34. Nh3 a5 35. bxa5 bxa5 36. Ng5 Ke7 37. f4 f6 38. Nf3 Kd6 39. Ne1 a4 40. Nc2 Kc6 41. Nb4+ Kb5 42. Nc2 Bb3 43. Ne3 Re8 44. Ra1 Ra8 45. Ra3 Kc6 46. Kd3 Kb5 47. Kd2 1/2-1/2


[Site "https://www.chess.com"]

[Event "Titled Tuesday Blitz February 14 Early 2023"]
[White "Fajdetic, Hrvoje"]
[Black "Balabayeva, Xeniya"]
[WhiteFideId "14501945"]
[BlackFideId "13719688"]
[WhiteElo "2151"]
[BlackElo "2191"]
[Result "0-1"]
[Round "11"]
[TimeControl "180+2"]
[Date "2023.02.14"]
[WhiteClock "0:00:10"]
[BlackClock "0:00:04"]

1. d4 d5 2. Bf4 Nf6 3. e3 c5 4. Nc3 Nc6 5. Nb5 Qa5+ 6. c3 e5 7. dxe5 a6 8. Nc7+ Qxc7 9. exf6 Qd8 10. fxg7 Bxg7 11. Nf3 Be6 12. Be2 h6 13. O-O Qe7 14. Qc2 O-O 15. Rfd1 Rfd8 16. Rd2 Rac8 17. Rad1 d4 18. cxd4 cxd4 19. Qe4 f5 20. Qb1 Qf7 21. b3 dxe3 22. Bxe3 f4 23. Bb6 Rxd2 24. Rxd2 Nb4 25. Nd4 Bxd4 26. Bxd4 Bf5 27. Qb2 b5 28. Bc3 Nd5 29. Be5 Be4 30. f3 Bf5 31. Bd3 Ne3 32. h3 Bxd3 33. Rxd3 Qg6 34. Bxf4 Qxd3 35. Qf6 Qf1+ 36. Kh2 Qxg2# 0-1


[Site "https://www.chess.com"]

[Event "Titled Tuesday Blitz February 14 Early 2023"]
[White "Mazurkiewicz, Michal"]
[Black "Sovetbekova, Nurai"]
[WhiteFideId "1124943"]
[BlackFideId "13801910"]
[WhiteElo "2145"]
[BlackElo "1764"]
[Result "1-0"]
[Round "11"]
[TimeControl "180+2"]
[Date "2023.02.14"]
[WhiteClock "0:02:00"]
[BlackClock "0:00:14"]

1. e4 c5 2. Nf3 d6 3. g3 Nf6 4. d3 g6 5. Bg2 Bg7 6. O-O O-O 7. Re1 Nc6 8. e5 dxe5 9. Nxe5 Nxe5 10. Rxe5 Rb8 11. Bf4 Nd7 12. Rd5 e6 13. Bxb8 exd5 14. Bd6 Bxb2 15. Bxf8 Nxf8 16. Nd2 Bxa1 17. Qxa1 Ne6 18. Qe5 d4 19. Ne4 h6 20. Bh3 b6 21. Qb8 Kg7 22. Bxe6 fxe6 23. Qxa7+ Kg8 24. Qb8 Kf7 25. Qxc8 Qxc8 26. Nd6+ Kf6 27. Nxc8 b5 28. Nd6 b4 29. Ne4+ Ke5 30. Nxc5 Kd5 31. Na6 e5 32. Nxb4+ 1-0


[Site "https://www.chess.com"]

[Event "Titled Tuesday Blitz February 14 Early 2023"]
[White "Chernov, Mikhail"]
[Black "Korpics, Zsolt"]
[WhiteFideId "24143170"]
[BlackFideId "705241"]
[WhiteElo "2205"]
[BlackElo "2300"]
[Result "0-1"]
[Round "11"]
[TimeControl "180+2"]
[Date "2023.02.14"]
[WhiteClock "0:00:15"]
[BlackClock "0:00:07"]

1. e4 c5 2. Nf3 e6 3. d4 cxd4 4. Nxd4 Nc6 5. Be2 Nf6 6. Nc3 Bb4 7. O-O Bxc3 8. bxc3 Nxe4 9. Bd3 Nf6 10. Bg5 h6 11. Bh4 O-O 12. Re1 Nxd4 13. cxd4 d5 14. Rb1 b6 15. Qf3 Bd7 16. Re5 Rc8 17. Rbe1 a6 18. Bxa6 Ra8 19. Bd3 Rxa2 20. c3 Ra5 21. Bb1 Bb5 22. g4 Ra3 23. g5 Nd7 24. Qg3 h5 25. g6 Qc7 26. Be7 Nxe5 27. Bxa3 Ra8 28. gxf7+ Qxf7 29. Qxe5 Rxa3 30. Qb8+ Qf8 31. Bh7+ Kf7 32. Bg6+ Kg8 33. Qxf8+ Kxf8 34. Rb1 Ra5 35. Kg2 Ke7 36. h4 Kf6 37. Bc2 Ke7 38. Rb2 Kd6 39. Kg3 Kc6 40. Bg6 Ra3 41. Rc2 Ba4 42. Rc1 Kb5 43. Bxh5 Kc4 44. Bg4 Rxc3+ 45. Rxc3+ Kxc3 46. Bxe6 Bb3 47. Kf4 Bc4 48. Kg5 b5 49. Bf5 b4 50. Kg6 Bd3 51. Bxd3 Kxd3 52. Kxg7 b3 53. h5 b2 54. h6 b1=Q 55. h7 Qb7+ 56. Kg8 Qc8+ 57. Kg7 Qd7+ 58. Kg8 Qe8+ 59. Kg7 Qe7+ 60. Kg8 Kxd4 61. h8=Q+ Qe5 62. Qh2 Qxh2 0-1


[Site "https://www.chess.com"]

[Event "Titled Tuesday Blitz February 14 Early 2023"]
[White "Tinmaz, Kerem"]
[Black "Babikov, Ivan"]
[WhiteFideId "44559151"]
[BlackFideId "4161106"]
[WhiteElo "2177"]
[BlackElo "2239"]
[Result "1/2-1/2"]
[Round "11"]
[TimeControl "180+2"]
[Date "2023.02.14"]
[WhiteClock "0:00:03"]
[BlackClock "0:00:03"]

1. e4 c5 2. Nc3 g6 3. d4 Bg7 4. dxc5 Qa5 5. Bd2 Qxc5 6. Nd5 Na6 7. Bxa6 bxa6 8. Bc3 Bxc3+ 9. Nxc3 Bb7 10. Nf3 e6 11. O-O Ne7 12. Qd3 d5 13. Rfe1 O-O 14. Rad1 Rfd8 15. e5 Nf5 16. Qd2 Rac8 17. Qg5 d4 18. Ne4 Bxe4 19. Rxe4 Qxc2 20. Rde1 d3 21. g4 d2 22. Nxd2 Rxd2 23. gxf5 Rxf2 24. f6 Rxh2 25. Qg3 Rd2 26. Qh3 Qxe4 27. Rxe4 Rc1+ 28. Qf1 Rxf1+ 29. Kxf1 Rxb2 30. Ra4 h5 31. Rxa6 h4 32. Rxa7 h3 33. Kg1 g5 34. Ra3 h2+ 35. Kh1 Kh7 36. Rh3+ Kg6 37. Rxh2 Rb1+ 38. Kg2 Kf5 39. Rh7 Rb2+ 40. Kf3 Rxa2 41. Rxf7 g4+ 42. Kg3 Ra3+ 43. Kg2 Kxe5 44. Rg7 Kxf6 45. Rxg4 Kf5 46. Rb4 e5 47. Kf2 e4 48. Ke2 Kf4 49. Rc4 Ra2+ 50. Ke1 Kf3 51. Rc8 Ra1+ 52. Kd2 e3+ 53. Kd3 Rd1+ 54. Kc2 Ke2 55. Re8 Rd2+ 56. Kc1 Rd6 57. Kc2 Rc6+ 58. Kb2 Kd2 59. Rd8+ Ke1 60. Re8 e2 61. Kb1 Rc5 62. Kb2 Kd2 63. Rd8+ Ke3 64. Re8+ Kd2 65. Rd8+ Ke1 66. Re8 Rc4 67. Kb3 Rc7 68. Re6 Rc1 69. Kb2 Rc5 70. Kb3 Rf5 71. Kc3 Rd5 72. Kc2 Rd7 73. Re8 Rc7+ 74. Kb2 Rc4 75. Kb3 Rc5 76. Kb2 1/2-1/2


[Site "https://www.chess.com"]